 Dungeon Crawl Stone Soup version 0.29-a0-542-g075992c915 (webtiles) character file.

Game seed: 5838311848273107610

278 Pooter the Chopper (level 6, -4/56 HPs)
             Began as a Minotaur Berserker on June 4, 2022.
             Was a Believer of Trog.
             Slain by an ogre
             ... wielding a +0 giant club
              (21 damage)
             ... on level 4 of the Dungeon.
             The game lasted 00:13:47 (3293 turns).

Pooter the Chopper (Minotaur Berserker)             Turns: 3293, Time: 00:13:47

Health: -4/56      AC:  5    Str: 24    XL:     6   Next: 5%
Magic:  5/5        EV: 11    Int:  4    God:    Trog [**....]
Gold:   136        SH:  0    Dex:  9    Spells: 5/5 levels left

rFire   . . .      SeeInvis .   r - +0 war axe
rCold   + . .      Faith    .   (no shield)
rNeg    . . .      Spirit   .   g - +0 ring mail
rPois   .          Reflect  .   (helmet restricted)
rElec   .          Harm     .   (no cloak)
rCorr   .          Rampage  .   (no gloves)
Will    ++...                   (no boots)
Stlth   ..........              (no amulet)
HPRegen 1.18/turn               I - ring of protection from cold
MPRegen 0.09/turn               (no ring)

@: strong-willed, regenerating
A: horns 2, retaliatory headbutt
a: Renounce Religion, Berserk, Trog's Hand


You were on level 4 of the Dungeon.
You worshipped Trog.
Trog was pleased with you.
You visited 1 branch of the dungeon, and saw 4 of its levels.

You collected 136 gold pieces.

Inventory:

Hand Weapons
 a - a +0 hand axe
 b - a +0 hand crossbow
   (You took it off a kobold on level 4 of the Dungeon)
 m - a +1 short sword of draining
   (You took it off a kobold on level 1 of the Dungeon)
 p - a +0 halberd
   (You took it off a gnoll on level 3 of the Dungeon)
 r - a +0 war axe (weapon)
   (You took it off an orc on level 3 of the Dungeon)
Missiles
 c - 5 boomerangs
 n - 8 poisoned darts (quivered)
 o - a throwing net {!f}
 Q - 150 stones
Armour
 g - a +0 ring mail (worn)
   (You found it on level 1 of the Dungeon)
Jewellery
 s - a ring of fire
   (You found it on level 3 of the Dungeon)
 I - a ring of protection from cold (left hand)
   (You found it on level 2 of the Dungeon)
Scrolls
 d - a scroll of fear
 l - a scroll of blinking
 q - a scroll of immolation {!r}
 t - 2 scrolls of teleportation {@r4}
 u - a scroll of vulnerability {unknown}
 w - a scroll of brand weapon {unknown}
Potions
 e - a potion of mutation {unknown}
 f - 2 potions of brilliance {unknown}
 h - a potion of lignification {unknown}
 j - 2 potions of haste {unknown}
 k - 3 potions of curing {unknown}
 v - 4 potions of degeneration {unknown}


   Skills:
 + Level 5.1 Fighting
 * Level 6.2 Axes
 * Level 1.5 Crossbows
 - Level 2.3 Throwing
 - Level 2.4 Armour
 - Level 2.1 Dodging


You had 5 spell levels left.
You didn't know any spells.
Your spell library was empty.

Dungeon Overview and Level Annotations

Branches:
Dungeon (4/15)
 Temple: D:4-7

Altars:
Wu Jian


Innate Abilities, Weirdness & Mutations

You have a pair of horns on your head.
You reflexively headbutt those who attack you in melee.


Message History

Trog accepts your kill.
You hit the quokka.
You feel very sick. The quokka closely misses you. The quokka bites you.
You closely miss the quokka.
You feel sick. The quokka bites you. The quokka barely misses you.
The quokka bites you.
You hit the quokka.
You feel sick.
The quokka bites you but does no damage. x2
You hit the quokka but do no damage.
You feel sick. The quokka bites you.
* * * LOW HITPOINT WARNING * * *
The quokka misses you.
You slash the quokka!
You kill the quokka!
Trog accepts your kill.
You feel sick.
You are no longer poisoned.
You start resting.
You feel yourself speed up.
You start resting.
You hear the slow hiss of a very distant avalanche of sand.
You start resting.
You recover from your berserk rage.
You start resting.
You hear the hiss of a very distant avalanche of sand.
You start resting.
You hear the hiss of a very distant avalanche of sand.
As you read the scroll of teleportation {@r4}, it crumbles to dust.
You feel strangely unstable.
Found a pitted hunting sling.
You see here a quokka corpse.
Found 4 gold pieces.
Unknown command.
Your surroundings suddenly seem different.
An ogre comes into view. It is wielding a +0 giant club.
Found a robe.
You see here a +0 robe.
Your skin crawls.
You feel strong-willed.
You slice the ogre!! The ogre completely misses you.
You hit the ogre. You hit the ogre but do no damage.
The ogre hits you with a +0 giant club!!
You hit the ogre but do no damage. The ogre closely misses you.
You furiously retaliate!
You headbutt the ogre. You barely miss the ogre.
The ogre hits you with a +0 giant club!!
* * * LOW HITPOINT WARNING * * *
You hit the ogre. You headbutt the ogre.
The ogre hits you with a +0 giant club!!
You die...

..........#.....
...............
####..............
..............#...
#.##..........#...
#.#.........# #...
#.#.........# #...
#O#.........# ##'#
#@#<........####.#
#.###)#..........#
#...........######
#####.......#
#.......#
########.......#
#..............#
###
#.#######......#
#..
#..............#
#..


You could see an ogre.

Vanquished Creatures
  A phantom (D:4)
  5 adders
  8 gnolls
  A worm (D:2)
  4 dart slugs
  3 orcs (D:3)
  4 bats
  5 endoplasms
  4 giant cockroaches
  6 goblins
  4 hobgoblins
  4 jackals (D:2)
  3 quokkas
  5 ball pythons
  2 frilled lizards
  9 kobolds
  3 rats (D:1)
71 creatures vanquished.

Notes
Turn   | Place    | Note
-------+----------+-------------------------------------------
     0 | D:1      | Pooter the Minotaur Berserker began the quest for the Orb.
     0 | D:1      | Reached XP level 1. HP: 19/19 MP: 0/0
   152 | D:1      | Found a faded altar of an unknown god.
   211 | D:1      | Reached skill level 4 in Axes
   215 | D:1      | Reached XP level 2. HP: 26/27 MP: 1/1
   486 | D:1      | Reached skill level 1 in Throwing
   798 | D:1      | Reached XP level 3. HP: 33/33 MP: 2/2
   836 | D:2      | Reached ** piety under Trog
  1240 | D:1      | Reached skill level 5 in Axes
  1240 | D:1      | Reached XP level 4. HP: 16/41 MP: 3/3
  2336 | D:3      | Reached XP level 5. HP: 47/47 MP: 4/4
  3104 | D:4      | Found an ornate altar of the Wu Jian Council.
  3122 | D:4      | Noticed a phantom
  3130 | D:4      | Killed a phantom
  3131 | D:4      | Reached skill level 5 in Fighting
  3131 | D:4      | Reached skill level 6 in Axes
  3131 | D:4      | Reached skill level 1 in Crossbows
  3131 | D:4      | Reached XP level 6. HP: 56/56 MP: 5/5
  3293 | D:4      | Slain by an ogre

Illustrated notes

Levels and vault maps discovered:
D:1:      dpeg_arrival_solitude, layout_loops_ring,
          ebering_ecumenical_altar_sacrificial
D:2:      layout_basic
D:3:      layout_loops_ring
D:4:      layout_basic, nicolae_wu_jian_wuxing_cycle,
          nicolae_ossuary_entry_monument, uniq_menkaure, uniq_crazy_yiuf_cottage

Skill      XL: |  1  2  3  4  5 |
---------------+----------------+-----
Axes           | 4 5 6 |  6.2
Throwing       | 1 2 |  2.3
Fighting       | 4 5 |  5.1
Crossbows      | 1 |  1.5
Armour         | |  2.4
Dodging        | |  2.1

Action                   |  1- 3 |  4- 6 || total
-------------------------+-------+-------++-------
Melee: Hand axe          |    39 |     5 ||    44
       Headbutt          |    14 |    12 ||    26
       Short sword       |    33 |    45 ||    78
       Punch             |       |     1 ||     1
       War axe           |       |    22 ||    22
       Halberd           |       |     5 ||     5
 Fire: Hand crossbow     |       |     3 ||     3
Throw: Stone             |    44 |       ||    44
       Boomerang         |     3 |       ||     3
       Dart              |       |     3 ||     3
Invok: Berserk           |     1 |     2 ||     3
       Trog's Hand       |       |     1 ||     1
  Use: Scroll            |       |     5 ||     5
Armor: Animal skin       |     3 |       ||     3
       Ring mail         |    20 |    18 ||    38
Dodge: Dodged            |    44 |    49 ||    93

Table legend: (Time is in decaauts)
 A = Elapsed time spent in this place.
 B = Non-inter-level travel time spent in this place.
 C = Inter-level travel time spent in this place.
 D = Time resting spent in this place.
 E = Time spent auto-exploring this place.
 F = Levels seen in this place.
 G = Mean time per level.
                   A        B        C        D        E       F      G
               +--------+--------+--------+--------+--------+-----+--------+
         Total |   3342 |   3258 |     84 |    500 |   2063 |   4 |  835.5 |
       Dungeon |   3342 |   3258 |     84 |    500 |   2063 |   4 |  835.5 |
               +--------+--------+--------+--------+--------+-----+--------+

Top non-repeatable levels by time:
     D:1: 1187 daAuts
     D:3: 1018 daAuts
     D:2: 856 daAuts
     D:4: 280 daAuts
